 Dungeon Crawl Stone Soup version 0.29-a0-275-g389c0b56f3 (webtiles) character file.

Game seed: 14716288055004782495

2016 Ordine the Carver (level 9, 0/55 HPs)
             Began as a Tengu Warper on Mar 9, 2022.
             Was an Initiate of Okawaru.
             Slain by a gnoll
             ... wielding a +0 halberd
              (4 damage)
             ... in a bailey.
             The game lasted 00:12:34 (7518 turns).

Ordine the Carver (Tengu Warper)                    Turns: 7518, Time: 00:12:34

Health: 0/55       AC: 13    Str: 11    XL:     9   Next: 22%
Magic:  11/11      EV:  4    Int: 13    God:    Okawaru [......]
Gold:   337        SH:  0    Dex: 19    Spells: 10/12 levels left

rFire   . . .      SeeInvis .   a - +0 falchion
rCold   . . .      Faith    .   (no shield)
rNeg    . . .      Spirit   .   q - +0 chain mail
rPois   .          Reflect  .   (helmet restricted)
rElec   .          Harm     .   u - +0 cloak
rCorr   .          Rampage  .   (no gloves)
Will    .....      Clarity  +   (boots unavailable)
Stlth   ..........              (no amulet)
HPRegen 0.18/turn               y - +4 ring of protection
MPRegen 0.12/turn               l - +4 ring of slaying

@: flying quickly and evasively, held, hasted, invisible, very quick
A: beak, talons 3, nimble flight, clarity, low MP 1
a: Renounce Religion


You were in a bailey.
You worshipped Okawaru.
Okawaru was noncommittal.
You visited 2 branches of the dungeon, and saw 8 of its levels.
You also visited: Bailey.

You collected 337 gold pieces.

Inventory:

Hand Weapons
 a - a +0 falchion (weapon)
Missiles
 b - 7 boomerangs (quivered)
 d - 7 boomerangs of dispersal
 B - 5 atropa-tipped darts
 C - a throwing net
Armour
 q - a +0 chain mail (worn)
 u - a +0 cloak (worn)
Jewellery
 g - a ring of protection from fire
 h - a ring of magical power
 l - a +4 ring of slaying (right hand)
 n - a +6 ring of strength
 s - a ring of wizardry
 y - a +4 ring of protection (left hand)
 D - a +6 ring of dexterity
 H - an amulet of reflection
Wands
 G - a wand of iceblast (8)
 I - a wand of flame (12)
Scrolls
 c - 3 scrolls of blinking
 e - a scroll of amnesia
 f - a scroll of fear
 j - 2 scrolls of brand weapon
 p - 2 scrolls of immolation
 r - a scroll of magic mapping
 w - 6 scrolls of teleportation
 x - a scroll of enchant armour
 F - a scroll of summoning {unknown}
 K - a scroll of enchant weapon {unknown}
Potions
 i - a potion of invisibility
 k - 2 potions of curing
 o - a potion of haste
 t - a potion of might {unknown}
 v - 3 potions of heal wounds {unknown}
 z - 2 potions of attraction {unknown}
 A - a potion of magic {unknown}
 E - a potion of degeneration {unknown}


   Skills:
 + Level 6.1 Fighting
 * Level 9.4 Long Blades
 + Level 5.8 Throwing
 - Level 1.1 Armour
 - Level 2.1 Dodging
 - Level 2.0 Spellcasting
 - Level 2.4 Translocations


You had 10 spell levels left.
You knew the following spells:

 Your Spells              Type           Power      Damage    Failure   Level
a - Blink                 Tloc           14%        N/A       100%        2

Your spell library contained the following spells:

 Spells                   Type           Power      Damage    Failure   Level
 Apportation              Tloc           14%        N/A       99%         1
 Beastly Appendage        Tmut           2%         N/A       100%        1
 Magic Dart               Conj           4%         1d3       100%        1
 Wereblood                Tmut           1%         N/A       100%        2
 Gell's Gravitas          Tloc           7%         N/A       100%        3
 Lesser Beckoning         Tloc           7%         N/A       100%        3
 Mephitic Cloud           Conj/Pois/Air  1%         N/A       100%        3
 Spider Form              Tmut/Pois      1%         N/A       100%        3
 Teleport Other           Tloc           7%         N/A       100%        3
 Borgnjor's Vile Clutch   Necr/Erth      0%         N/A       100%        5
 Manifold Assault         Tloc           7%         N/A       100%        5
 Animate Skeleton         Necr           Unusable   N/A       N/A         1
 Summon Small Mammal      Summ           Unusable   N/A       N/A         1
 Call Imp                 Summ           Unusable   N/A       N/A         2
 Animate Dead             Necr           Unusable   N/A       N/A         4
 Death Channel            Necr           Unusable   N/A       N/A         6

Dungeon Overview and Level Annotations

Branches:
Dungeon (7/15)             Temple (1/1) D:6          Bailey (1/1)

Altars:
Ashenzari
Cheibriados
Dithmenos
Elyvilon
Gozag
Hepliaklqana
Kikubaaqudgha
Okawaru
Qazlal
Ru
Sif Muna
Uskayaw
Vehumet
Xom
Yredelemnul
The Shining One

Shops:
D:7 *


Innate Abilities, Weirdness & Mutations

You have a beak for a mouth.
You have claws for feet.
Your magical nature lets you fly swiftly and evasively.
You possess an exceptional clarity of mind.
Your magical capacity is low. (-10% MP)


Message History

The hound bites you.
* * * LOW HITPOINT WARNING * * *
The hound bites you but does no damage.
It was a potion of invisibility.
You fade into invisibility!
The gnoll hits you from afar with a +0 trident.
* * * LOW HITPOINT WARNING * * *
The gnoll barely misses you. The hound barely misses you.
The hound bites you but does no damage.
Unknown command.
You feel better. The hound barely misses you.
The hound bites you but does no damage.
The gnoll hits you from afar with a +0 halberd.
* * * LOW HITPOINT WARNING * * *
The gnoll hits you from afar with a +0 trident.
* * * LOW HITPOINT WARNING * * *
The hound bites you but does no damage. The hound barely misses you.
You struggle against the net.
The hound barely misses you. The gnoll hits you but does no damage.
The gnoll barely misses you. The hound bites you.
* * * LOW HITPOINT WARNING * * *
You feel better.
The gnoll looks more healthy. x2
The hound bites you but does no damage. The hound closely misses you.
The gnoll hits you but does no damage.
The gnoll hits you from afar with a +0 trident.
* * * LOW HITPOINT WARNING * * *
The hound bites you but does no damage. x2
It was a potion of haste.
You feel yourself speed up. The gnoll hits you but does no damage.
The gnoll hits you from afar with a +0 halberd.
* * * LOW HITPOINT WARNING * * *
The hound bites you but does no damage. The hound bites you.
* * * LOW HITPOINT WARNING * * *
Unknown command.
You struggle against the net.
The hound bites you but does no damage. The hound bites you.
* * * LOW HITPOINT WARNING * * *
The gnoll hits you but does no damage.
The gnoll hits you from afar with a +0 halberd.
You die...

######+++######
......(........
.......(.......
≈≈≈≈≈≈(..≈≈≈≈≈≈
...............
....gg.....♣
♣..hh...♣ ♣.@.♣
♣♣.♣♣ ♣.♣ ♣∩♣
###


You could see 2 hounds and 2 gnolls.

Vanquished Creatures
  Eustachio (D:5)
  A water moccasin (D:7)
  Pargi (D:3)
  2 black bears (D:5)
  An ogre (D:5)
  A centaur (D:7)
  A phantom (D:6)
  3 necrophages
  3 bullfrogs
  A gnoll sergeant (D:4)
  4 scorpions
  A wight (D:6)
  3 hounds
  Terence (D:3)
  3 orc wizards (D:6)
  Natasha (thrice) (D:3)
  8 gnolls
  8 adders
  2 shadow imps
  An ufetubus (D:6)
  2 worms (D:2)
  2 dart slugs
  14 orcs
  7 ball pythons
  3 endoplasms
  A giant cockroach (D:3)
  11 goblins
  5 hobgoblins
  6 jackals (D:2)
  4 quokkas
  3 bats
  A frilled lizard (D:3)
  5 kobolds
  5 rats
118 creatures vanquished.

Vanquished Creatures (others)
  An orc (D:6)
  5 toadstools (D:1)
6 creatures vanquished.

Grand Total: 124 creatures vanquished

Notes
Turn   | Place    | Note
-------+----------+-------------------------------------------
     0 | D:1      | Ordine the Tengu Warper began the quest for the Orb.
     0 | D:1      | Reached XP level 1. HP: 12/12 MP: 4/4
   505 | D:1      | Reached XP level 2. HP: 17/17 MP: 6/6
   530 | D:1      | Learned a level 2 spell: Blink
   545 | D:1      | Found a faded altar of an unknown god.
  1105 | D:2      | Reached skill level 3 in Long Blades
  1308 | D:2      | Reached XP level 3. HP: 22/22 MP: 7/7
  1873 | D:2      | Reached XP level 4. HP: 19/27 MP: 8/8
  2366 | D:3      | Noticed Pargi
  2379 | D:3      | Killed Pargi
  2380 | D:3      | Reached skill level 4 in Long Blades
  2380 | D:3      | Gained mutation: Your magical nature lets you fly swiftly
                  | and evasively. [Tengu growth]
  2380 | D:3      | Reached XP level 5. HP: 24/32 MP: 9/9
  2612 | D:3      | Noticed Natasha
  2619 | D:3      | Killed Natasha
  2696 | D:3      | Noticed Terence
  2701 | D:3      | Killed Terence
  2860 | D:3      | Noticed Natasha
  2868 | D:3      | Killed Natasha
  2869 | D:3      | Reached skill level 5 in Long Blades
  2869 | D:3      | Reached XP level 6. HP: 35/37 MP: 10/10
  2887 | D:3      | Noticed Natasha
  2893 | D:3      | Killed Natasha
  3891 | D:4      | Gained mutation: You do not regenerate when monsters are
                  | visible. [potion of mutation]
  3891 | D:4      | Gained mutation: Your spells are a little harder to cast,
                  | but a little more powerful. [potion of mutation]
  3894 | D:4      | Reached XP level 7. HP: 16/42 MP: 11/11
  3894 | D:4      | Lost mutation: You do not regenerate when monsters are
                  | visible. [potion of mutation]
  3894 | D:4      | Lost mutation: Your spells are a little harder to cast, but
                  | a little more powerful. [potion of mutation]
  3894 | D:4      | Gained mutation: Your magical capacity is low. (-10% MP)
                  | [potion of mutation]
  3894 | D:4      | Gained mutation: You possess an exceptional clarity of
                  | mind. [potion of mutation]
  4142 | D:4      | Reached skill level 6 in Long Blades
  5142 | D:5      | Entered Level 5 of the Dungeon
  5318 | D:5      | Reached skill level 7 in Long Blades
  5433 | D:5      | Reached XP level 8. HP: 33/48 MP: 10/10
  5648 | D:5      | Noticed Eustachio
  5655 | D:5      | Killed Eustachio
  5656 | D:5      | Reached skill level 5 in Fighting
  6091 | D:6      | Found an opulent altar of Gozag.
  6094 | D:6      | Reached skill level 8 in Long Blades
  6261 | D:6      | Reached skill level 5 in Throwing
  6324 | D:6      | Found a white marble altar of Elyvilon.
  6566 | D:6      | Reached skill level 9 in Long Blades
  6566 | D:6      | Reached XP level 9. HP: 33/55 MP: 11/11
  6704 | D:6      | Found a hide-covered altar of Uskayaw.
  6749 | D:6      | Found a shadowy altar of Dithmenos.
  6810 | D:6      | Found a staircase to the Ecumenical Temple.
  6819 | Temple   | Entered the Ecumenical Temple
  6956 | Temple   | Became a worshipper of Warmaster Okawaru
  7007 | D:6      | Found a broken altar of Ashenzari.
  7333 | D:7      | Found Rezotemp's Retail Resort.
  7493 | D:7      | Found a flagged portal.
  7504 | Bailey   | Entered a bailey
  7518 | Bailey   | Slain by a gnoll

Illustrated notes

Levels and vault maps discovered:
D:1:      ldierk_walled_garden, layout_basic,
          shapermc_ecumenical_altar_mp_highgroup
D:2:      layout_basic, kennysheep_generic_room_15
D:3:      layout_loops_cross, uniq_natasha, uniq_pargi, uniq_terence
D:4:      layout_basic
D:5:      layout_basic, grunt_decor_one_mirror, uniq_eustachio
D:6:      layout_cave_pools, lemuel_crystal_altar,
          eat_drink_and_be_merry_uskayaw, lemuel_tele_altar,
          minmay_temple_entry_mini_moons, hangedman_feature_mirror,
          grunt_ministairs_8
D:7:      layout_rooms, gammafunk_ghost_berserking_beasts, enter_bailey_3,
          nicolae_alphabet_shops
Temple:   minmay_temple_bridge_abc
Bailey:   bailey_polearm_gnolls_kennysheep, bailey

Skill      XL: |  1  2  3  4  5  6  7  8  9 |
---------------+----------------------------+-----
Long Blades    | 3 4 5 7 9 |  9.4
Throwing       | 2 3 4 5 |  5.8
Fighting       | 3 4 5 6 |  6.1
Armour         | |  1.1
Dodging        | |  2.1
Spellcasting   | |  2.0
Translocations | |  2.4

Action                   |  1- 3 |  4- 6 |  7- 9 || total
-------------------------+-------+-------+-------++-------
Melee: Falchion          |    55 |    70 |   164 ||   289
       Kick              |    12 |    18 |    46 ||    76
       Peck              |     4 |    14 |    22 ||    40
Throw: Dart              |       |     4 |    12 ||    16
       Boomerang         |       |       |     5 ||     5
  Use: Potion            |       |     2 |     5 ||     7
       Scroll            |       |       |     8 ||     8
Armor: Leather armour    |    10 |       |       ||    10
       Chain mail        |    15 |    44 |   107 ||   166
Dodge: Dodged            |    29 |    21 |    55 ||   105

Table legend: (Time is in decaauts)
 A = Elapsed time spent in this place.
 B = Non-inter-level travel time spent in this place.
 C = Inter-level travel time spent in this place.
 D = Time resting spent in this place.
 E = Time spent auto-exploring this place.
 F = Levels seen in this place.
 G = Mean time per level.
                   A        B        C        D        E       F      G
               +--------+--------+--------+--------+--------+-----+--------+
         Total |   7238 |   7049 |    189 |    608 |   5656 |   9 |  804.2 |
       Dungeon |   7084 |   6936 |    148 |    608 |   5565 |   7 | 1012.0 |
        Temple |    142 |    102 |     40 |      0 |     91 |   1 |  142.0 |
        Bailey |     12 |     12 |      0 |      0 |      0 |   1 |   12.0 |
               +--------+--------+--------+--------+--------+-----+--------+

Top non-repeatable levels by time:
     D:4: 1688 daAuts
     D:2: 1226 daAuts
     D:1: 1087 daAuts
     D:3: 1020 daAuts
     D:5: 984 daAuts
     D:6: 913 daAuts
     D:7: 165 daAuts
  Temple: 142 daAuts
  Bailey: 12 daAuts
